 Dungeon Crawl Stone Soup version 0.31.0-12-g77e489cdc1 (webtiles) character file.

Game seed: 14480452412255664110

1188 Silvore the Slasher (level 8, -1/61 HPs)
             Began as a Demonspawn Fighter on Feb 13, 2024.
             Slain by Pikel
             ... wielding a +0 whip of freezing
              (4 damage)
             ... on level 5 of the Dungeon on Feb 14, 2024.
             The game lasted 00:07:15 (4454 turns).

Silvore the Slasher (Demonspawn Fighter)            Turns: 4454, Time: 00:07:16

Health: -1/61      AC: 10    Str: 20    XL:     8   Next: 19%
Magic:  8/8        EV: 10    Int:  8    God:
Gold:   187        SH: 10    Dex: 12    Spells: 7/7 levels left

rFire   . . .        a - +0 long sword
rCold   . . .        c - +1 buckler
rNeg    . . .        b - +0 scale mail
rPois   .            (no helmet)
rElec   .            (no cloak)
rCorr   .            (no gloves)
SInv    .            (no boots)
Will    .....        (no amulet) Stlth
                     (no ring)
HPRegen 0.30/turn    (no ring)
MPRegen 0.11/turn

%: clarity
@: no status effects
A: molten scales 2, powered by pain 1, condensation shield, weakness stinger 2,
clarity
a: no special abilities


You were on level 5 of the Dungeon.
You visited 2 branches of the dungeon, and saw 6 of its levels.

You collected 187 gold pieces.

Inventory:

Hand Weapons
 a - a +0 long sword (weapon)
Armour
 b - a +0 scale mail (worn)
 c - a +1 buckler (worn)
Jewellery
 h - a +4 ring of protection
Wands
 d - a wand of iceblast (9)
 l - a wand of flame (20)
Potions
 f - 3 potions of brilliance
 g - a potion of mutation
 i - a potion of resistance
 j - a potion of haste {unknown}


   Skills:
 + Level 4.7 Fighting
 + Level 5.8 Long Blades
 + Level 5.1 Armour
 + Level 2.1 Dodging
 + Level 0.2 Stealth
 + Level 4.3 Shields


You had 7 spell levels left.
You didn't know any spells.
Your spell library contained the following spells:

 Spells                   Type           Power      Damage    Failure   Level
 Slow                     Hex            0%         N/A       82%         1
 Confusing Touch          Hex            0%         N/A       99%         3
 Fugue of the Fallen      Necr           0%         N/A       99%         3
 Ozocubu's Armour         Ice            0%         N/A       99%         3
 Sigil of Binding         Hex            0%         N/A       99%         3
 Vampiric Draining        Necr           0%         2d6       99%         3
 Manifold Assault         Tloc           0%         N/A       100%        4


Dungeon Overview and Level Annotations

Branches:
Dungeon (5/15)             Temple (1/1) D:4

Altars:
Ashenzari
Cheibriados
Dithmenos
Fedhas
Gozag
Hepliaklqana
Nemelex Xobeh
Qazlal
Trog
Uskayaw

Annotations:
D:3 2 runed translucent doors, uncleiroh's ghost, amateur DsBe
D:5 Pikel


Innate Abilities, Weirdness & Mutations

You are mostly covered in molten scales. (AC +3)
You sometimes gain a little power by taking damage.
A meltable shield of frost defends you. (SH +4)
You have a tail ending in a sharp stinger.
You possess an exceptional clarity of mind.


Message History

Pikel is heavily wounded.
Pikel closely misses you. The lemure hits you but does no damage.
The lemure hits you. You block the lemure's attack.
You hit Pikel.
Your tail-slap misses Pikel.
Pikel is heavily wounded.
Pikel hits you with a +0 whip of freezing!
Pikel freezes you. The lemure hits you. x2
* * * LOW HITPOINT WARNING * * *
The lemure closely misses you.
You barely miss Pikel.
Your tail-slap misses Pikel.
Pikel is heavily wounded.
Pikel hits you with a +0 whip of freezing.
* * * LOW HITPOINT WARNING * * *
Pikel freezes you.
* * * LOW HITPOINT WARNING * * *
The lemure barely misses you. The lemure misses you.
The lemure hits you but does no damage. The lemure closely misses you.
Pikel closely misses you.
You barely miss Pikel.
Your tail-slap misses Pikel.
Pikel is heavily wounded.
The lemure hits you.
* * * LOW HITPOINT WARNING * * *
You block the lemure's attack. Pikel misses you. The lemure barely misses you.
What are your orders? t - Shout!
Orders for allies: a - Attack new target. r - Retreat! s - Stop attacking. g - Guard the area. f - Follow me.
Anything else - Cancel.
Okay, then.
You aren't carrying any scrolls.
Unknown command.
The lemure attacks as it pursues you! You block the lemure's attack.
The lemure hits you.
* * * LOW HITPOINT WARNING * * *
Pikel barely misses you. The lemure attacks as it pursues you!
The lemure hits you but does no damage.
Pikel hits you with a +0 whip of freezing.
You die...
Pikel says, "Another soul for the market."

#.........# #.##.#
#...#.>##.# #.##.#
.###.##..##.##.#.#.####
............[[###.....#
###<##..###.#.#.#.##.####
###..##.5#
#.##.##....[..#
.........#
#.##....#####<#
###.###.####.####..# #.#
#.# #.......55@..# #)#
#.# #?......5K...# #.#
#.# #####.#####..#####.#
#.# #.# ##.......# #.#
#.# #..###.## #.# #.#
#..# #.# #.# #.. ....#
#.# #.# #.. ###.## #.#
#.# #... #.# #.#


You could see Pikel and 3 lemures.

Vanquished Creatures
  Grinder (D:3)
  Sigmund (D:5)
  A water moccasin (D:5)
  Duvessa (D:5)
  A black bear (D:5)
  A lemure (D:5)
  2 scorpions (D:4)
  Dowan (D:5)
  A hound (D:3)
  A jelly (D:4)
  An iguana (D:5)
  Ijyb (D:4)
  An orc wizard (D:3)
  4 gnolls (D:3)
  5 adders
  4 dart slugs
  3 ribbon worms
  7 orcs
  5 ball pythons
  8 bats
  10 endoplasms
  2 giant cockroaches
  5 hobgoblins
  6 jackals
  5 quokkas
  7 frilled lizards
  3 goblins
  7 kobolds
  4 rats
99 creatures vanquished.

Vanquished Creatures (others)
  A jelly (D:4)
1 creature vanquished.

Grand Total: 100 creatures vanquished

Notes
Turn   | Place    | Note
-------+----------+-------------------------------------------
     0 | D:1      | Silvore the Demonspawn Fighter began the quest for the Orb.
     0 | D:1      | Reached XP level 1. HP: 18/18 MP: 1/1
   137 | D:1      | Gained mutation: You sometimes gain a little power by
                  | taking damage. [demonic ancestry]
   137 | D:1      | Reached XP level 2. HP: 24/24 MP: 2/2
   366 | D:1      | You fall into a shaft and drop 1 floor!
   507 | D:1      | Gained mutation: You have a small tail. [demonic ancestry]
   507 | D:1      | Reached XP level 3. HP: 29/29 MP: 3/3
  1119 | D:2      | Found a faded altar of an unknown god.
  1187 | D:2      | Gained mutation: You possess an exceptional clarity of
                  | mind. [potion of mutation]
  1230 | D:3      | Found a shadowy altar of Dithmenos.
  1241 | D:3      | Gained mutation: You are partially covered in molten
                  | scales. (AC +2) [demonic ancestry]
  1241 | D:3      | Reached XP level 4. HP: 17/35 MP: 4/4
  1427 | D:3      | Found a faded altar of an unknown god.
  1431 | D:3      | Found a hazy altar of Hepliaklqana.
  1529 | D:3      | HP: 1/37 [orc/+2 falchion of flaming (2)]
  1758 | D:3      | Reached XP level 5. HP: 40/42 MP: 5/5
  2084 | D:3      | Noticed Grinder
  2085 | D:3      | Paralysed by Grinder for 2 turns
  2090 | D:3      | Paralysed by Grinder for 5 turns
  2098 | D:3      | Paralysed by Grinder for 3 turns
  2102 | D:3      | Killed Grinder
  2103 | D:3      | Reached skill level 1 in Dodging
  2103 | D:3      | Gained mutation: You are mostly covered in molten scales.
                  | (AC +3) [demonic ancestry]
  2103 | D:3      | Reached XP level 6. HP: 19/48 MP: 6/6
  2386 | D:3      | Found a large runed translucent door.
  2386 | D:3      | Found a large runed translucent door.
  2390 | D:3      | Noticed uncleiroh's ghost (amateur DsBe)
  2613 | D:4      | Found a staircase to the Ecumenical Temple.
  2843 | Temple   | Entered the Ecumenical Temple
  3128 | D:4      | Noticed Ijyb
  3153 | D:3      | Gained mutation: A meltable shield of frost defends you.
                  | (SH +4) [demonic ancestry]
  3153 | D:3      | Reached XP level 7. HP: 52/54 MP: 7/7
  3163 | D:4      | Killed Ijyb
  3678 | D:4      | Noticed a yak
  3771 | D:5      | Entered Level 5 of the Dungeon
  3796 | D:5      | Reached skill level 5 in Long Blades
  3892 | D:5      | Noticed Sigmund
  3933 | D:5      | Killed Sigmund
  3933 | D:5      | Noticed Dowan
  3934 | D:5      | Gained mutation: You have a tail ending in a sharp stinger.
                  | [demonic ancestry]
  3934 | D:5      | Reached XP level 8. HP: 20/61 MP: 8/8
  3934 | D:5      | Noticed Duvessa
  4124 | D:5      | Killed Duvessa
  4125 | D:5      | Reached skill level 5 in Armour
  4272 | D:5      | Killed Dowan
  4325 | D:5      | Noticed Pikel
  4453 | D:5      | HP: 3/61 [lemure[Pikel] (2)]
  4454 | D:5      | Slain by Pikel

Illustrated notes

Levels and vault maps discovered:
D:1:      lemuel_arrival_behind_the_door_large, layout_rooms,
          chequers_serial_rivers_micro_e
D:2:      layout_rooms, hellmonk_ecumenical_altar_defaced_shrine
D:3:      layout_basic, elyvilon_altar_3, nicolae_overflow_ecumenical_swirl,
          mainiacjoe_overflow_paths, ebering_ghost_disaster_area, uniq_grinder,
          uniq_terence
D:4:      layout_rooms, minmay_temple_entry_gardened_gates,
          lightli_corner_chamber, uniq_ijyb
D:5:      layout_loops_ring, minitemple, uniq_sigmund, uniq_pikel, uniq_duvessa
Temple:   eino_wide_crystal_templ

Skill      XL: |  1  2  3  4  5  6  7  8 |
---------------+-------------------------+-----
Long Blades    | 2 3 4 5 |  5.8
Shields        | 3 4 |  4.3
Armour         | 3 4 5 |  5.1
Fighting       | 4 |  4.7
Dodging        | 1 2 |  2.1
Stealth        | |  0.2

Action                     |  1- 3 |  4- 6 |  7- 9 || total
---------------------------+-------+-------+-------++-------
  Melee: Long sword        |   124 |   168 |   171 ||   463
         Tailslap          |     4 |    23 |    26 ||    53
    Use: Scroll            |     3 |     2 |     4 ||     9
         Potion            |     1 |     2 |     1 ||     4
 Armour: Scale mail        |   117 |   145 |   176 ||   438
  Dodge: Dodged            |    77 |   101 |    87 ||   265
  Block: Buckler           |    29 |    53 |   118 ||   200
